[Event "CCT Julius Baer-D2 2024"]
[Site "Online"]
[Date "2024.09.28"]
[Round "51"]
[White "Robson, Ray"]
[Black "Anton Guijarro, David"]
[Result "1-0"]
[ECO "E48"]
[WhiteElo "2700"]
[BlackElo "2665"]
[Annotator "TA"]
[PlyCount "217"]
[EventDate "2024.09.25"]
[EventType "swiss"]
[EventCountry "NET"]
[SourceTitle "playchess.com"]
[Source "ChessBase"]
[SourceQuality "1"]
[TimeControl "600+2"]

1. c4 e6 2. Nc3 Nf6 3. d4 Bb4 4. e3 O-O 5. Bd3 c5 6. Nge2 cxd4 7. exd4 d5 8. cxd5 Nxd5 9. a3 {[%emt 0:00:08] E48: Nimzo-Indian: Rubinstein: 5 Bd3 d5 including 6 Ne2, but excluding 6 a3.} Bd6 10. Bc2 Nc6 11. Qd3 g6 12. Ne4 Be7 13. Bh6 Re8 14. Rd1 $146 ({Predecessor:} 14. O-O b6 15. Rad1 Bb7 16. Bb3 a6 17. Rfe1 Rc8 18. Ba2 Ncb4 19. axb4 Nxb4 20. Qg3 Bxe4 21. Bxe6 {0-1 Milov,V (2705)-Arnold,M (2336) World op 36th 2008 (1)}) 14... Nf6 15. h4 Nxe4 16. Qxe4 Qd5 17. h5 Qxe4 18. Bxe4 Bf6 19. Rd3 e5 20. hxg6 hxg6 21. Rf3 exd4 22. Bxc6 bxc6 23. Rxf6 Ba6 24. Rxc6 Bxe2 25. Kd2 Bb5 26. Bg5 Re2+ 27. Kd1 Rae8 28. Rd6 Rxb2 29. Rxd4 Rb1+ 30. Bc1 Rc8 31. Kd2 Kg7 32. Rb4 Rxb4 33. axb4 f6 34. Bb2 a6 35. Bd4 g5 36. Re1 Kf7 37. Rh1 Rc4 38. Bc3 Kg7 39. Re1 Kf7 40. Rh1 Kg7 41. f3 Rc6 42. Re1 Kf7 43. Rh1 Rd6+ 44. Kc2 Kg7 45. Rh5 Kg6 46. Rh8 Bf1 47. g3 Bg2 48. f4 Be4+ 49. Kb3 gxf4 50. gxf4 Kf5 51. Rf8 Bd5+ 52. Ka4 Bc4 53. Be5 Re6 54. Ka5 Bb5 55. Bc3 Rc6 56. Bb2 Rd6 57. Rf7 Rc6 58. Ba1 Rd6 59. Bc3 Re6 60. Rf8 Rc6 61. Be5 Re6 62. Bc7 Rc6 63. Bb8 Re6 64. Rc8 Ke4 65. Rc1 Kf5 66. Rc5+ Ke4 67. Rh5 Rc6 68. Rh6 Kf5 69. Rh5+ Ke6 70. f5+ (70. Rc5 $11 {might be stronger.}) 70... Kd5 $15 71. Rh4 Rc4 72. Rh6 Rc6 73. Rh4 $1 Rc4 (73... Rc8 $15 74. Bh2 Rc1) 74. Rh5 (74. Rh6 $11) 74... Ke4 $15 75. Bd6 Rc6 76. Be7 Ke5 77. Bc5 Rc8 78. Bf2 (78. Kb6 $15) 78... Rc6 (78... Kf4 $17) 79. Bg3+ (79. Bc5 $1 $11) 79... Ke4 $15 80. Bh4 Ke5 (80... Kf4 $17) 81. Bf2 (81. Bg3+ $11 {keeps the balance.} Ke4 82. Bb8) 81... Ke4 (81... Kf4 $17) 82. Bc5 (82. Bh4 $1 $11) 82... Ke5 ({Better is} 82... Kf4 $15) 83. Be7 (83. Bf2 $1 $11) 83... Rc7 84. Bf8 Rc8 85. Bc5 Rc6 ({Black should try} 85... Kf4 $17) 86. Bg1 (86. Be7 $11) 86... Ke4 (86... Kf4 $15) 87. Bh2 (87. Bc5 $11) 87... Rc8 88. Kb6 Rc6+ (88... Rc2 $15) 89. Kb7 (89. Ka5 $11) 89... Rc4 (89... Rc1 $17) 90. Bd6 Rc6 91. Bb8 (91. Bh2 $11) 91... Rc4 (91... Rc1 $15) 92. Ba7 (92. Bd6 $11) 92... Ke5 (92... Rxb4 $2 {perishes.} 93. Rh4+ Kxf5 94. Rxb4 $18) (92... Kf4 $15) 93. Bc5 (93. Bb8+ $11 Ke4 94. Bc7) 93... Rf4 94. Rh2 (94. Kc7 $15 Rc4 (94... Rxf5 95. Bd4+ Ke6 96. Rxf5 $11) 95. Rh2) 94... Kxf5 $17 95. Kc7 Ke6 96. Rd2 Re4 97. Rf2 (97. Rh2 $17) 97... f5 98. Rh2 f4 99. Rh6+ Kf5 100. Rh5+ Kg4 101. Rh8 Re5 102. Kd6 Re2 (102... Rg5 $142 103. Rh6 Bc4) 103. Rg8+ (103. Kd5 $17) 103... Kh3 (103... Kf5 $19 104. Rg7 Rd2+ 105. Kc7 f3 106. Rf7+ Kg4) 104. Rf8 Kg4 ({Black should play} 104... Kg3 $17 {aiming for ...f3.} 105. Rg8+ Kf3) 105. Kd5 (105. Rg8+ $11 Kf5 106. Kd5) 105... f3 (105... Kg3 $17 106. Rg8+ Kf3) 106. Rg8+ $1 $15 Kh3 107. Rf8 Kg2 (107... Kg3 $5 108. Rg8+ $8 Kh2 109. Rh8+ Kg3 110. Rg8+ Kh2 111. Rh8+ Kg2 112. Rg8+ Kh1 $17) 108. Rg8+ Kf1 $2 (108... Kh2 $15 109. Rh8+ Kg2 110. Rg8+ Kh1) 109. Rg1# 1-0

[Event "CCT Julius Baer-D2 2024"]
[Site "Online"]
[Date "2024.09.28"]
[Round "51"]
[White "Yakubboev, Nodirbek"]
[Black "Bok, Benjamin"]
[Result "0-1"]
[ECO "D50"]
[WhiteElo "2666"]
[BlackElo "2596"]
[Annotator "TA"]
[PlyCount "80"]
[EventDate "2024.09.25"]
[EventType "swiss"]
[EventCountry "NET"]
[SourceTitle "playchess.com"]
[Source "ChessBase"]
[SourceQuality "1"]
[TimeControl "600+2"]

1. d4 Nf6 2. c4 e6 3. Nf3 d5 4. Nc3 c5 5. cxd5 cxd4 6. Qxd4 exd5 7. Bg5 Be7 8. e3 O-O 9. Be2 Nc6 10. Qd3 h6 {[%emt 0:01:22] The position is equal.} 11. Bh4 Qb6 12. O-O Rd8 13. Qb5 Qxb5 14. Nxb5 g5 15. Bg3 Bg4 (15... Ne4 $11) 16. Rfd1 Rac8 17. h3 Bh5 18. Bc7 Rd7 19. g4 Bg6 {[%emt 0:00:38][%cal Oa7a6] [#] Strongly threatening ...a6!} 20. Bh2 a6 21. Nc3 Rcd8 22. Ne5 Nxe5 23. Bxe5 Ne4 24. Na4 Bf6 {[%emt 0:01:55] Prevents Nb6} 25. Bxf6 Nxf6 26. Rac1 {[%emt 0:00:00] Dodges Bc2} d4 27. Nc5 Re7 28. Bf3 (28. Rxd4 $2 {too greedy.} Rxd4 29. exd4 Rxe2 $19) 28... d3 29. Bxb7 ({Of course not} 29. Nxb7 Rb8 $14) 29... Rb8 30. Bxa6 Rxb2 31. Bxd3 Bxd3 32. Rxd3 Rxa2 33. Rd6 Kg7 34. Rc4 Rea7 35. Kg2 Rb2 36. Nd3 Rd2 37. Kf3 Raa2 38. Rcd4 Ng8 39. Ke4 (39. Rd7 $16) 39... Nf6+ $11 40. Ke5 $2 {[%emt 0:00:02][%mdl 8192] [#]} (40. Kf3 $11) 40... Ra5+ {[%emt 0:00:01] Weighted Error Value: White=0.23 (precise) /Black=0.10 (very precise) .  Loses game:     	White=1     	---        Mistake:       	White=1     	Black=1      Inaccurate:     	White=1     	Black=3      OK:         	White=18    	Black=13     Best:        	White=2     	Black=2} 0-1

[Event "CCT Julius Baer-D2 2024"]
[Site "Online"]
[Date "2024.09.28"]
[Round "51"]
[White "Anton Guijarro, David"]
[Black "Robson, Ray"]
[Result "1-0"]
[ECO "A34"]
[WhiteElo "2665"]
[BlackElo "2700"]
[Annotator "TA"]
[PlyCount "173"]
[EventDate "2024.09.25"]
[EventType "swiss"]
[EventCountry "NET"]
[SourceTitle "playchess.com"]
[Source "ChessBase"]
[SourceQuality "1"]
[TimeControl "600+2"]

1. c4 c5 2. Nf3 Nc6 3. Nc3 Nf6 4. e3 e5 5. d4 cxd4 6. exd4 e4 7. Ne5 Bb4 8. Be2 O-O {[%emt 0:00:09] A34: Symmetrical English: 2 Nc3, lines with ...d5.} 9. O-O Re8 10. Bf4 Bxc3 11. bxc3 b6 $146 ({Predecessor:} 11... Ne7 12. c5 Ned5 13. Bd2 d6 14. cxd6 Qxd6 15. c4 Ne7 16. Bc3 Ng6 17. f4 exf3 18. Bxf3 {0-1 Wei,Y (2740)-Adhiban,B (2671) Hoogeveen Basque m rapid 2017 (2)}) 12. Nxc6 dxc6 13. a4 h6 14. Re1 Bf5 15. h3 Qd7 16. Bf1 Nh7 17. Qb3 Nf8 18. a5 Ne6 19. Bg3 bxa5 20. Rxa5 Bg6 21. d5 Nf8 22. Qa4 Rec8 23. Qa3 Qb7 24. c5 cxd5 25. Ba6 Qc6 26. Bxc8 Rxc8 27. Bd6 Ne6 28. Rd1 e3 29. fxe3 Be4 30. Qa2 Rd8 31. Qa3 d4 32. cxd4 Rxd6 33. Qa4 Rd7 34. Qxc6 Bxc6 35. Rda1 Rb7 36. Rxa7 Rb3 37. R7a3 Rb2 38. R1a2 Rb1+ 39. Kh2 Bd5 40. Rc2 Be4 41. Rd2 Rc1 42. Ra7 f5 43. Re7 Bd5 44. Rd7 Be4 45. Ra2 Kh7 46. Re7 Bd5 47. Rf2 Kg6 48. h4 Kf6 49. Rd7 Be4 50. Rd6 Kf7 51. h5 (51. Ra2 $142) 51... Ke7 (51... Ng5 {might work better.} 52. Rd7+ Kg8) 52. Ra6 $2 (52. Ra2 $18 Rb1 53. Rb6 (53. Ra7+ Rb7 $16) 53... Rxb6 54. cxb6) 52... Ng5 $2 (52... Nc7 $11 53. Ra7 Kd7) 53. Ra7+ Kf6 54. Ra6+ $2 (54. Rb2 $1 $18 ) 54... Kf7 ({Black should play} 54... Ke7 $1 $11) 55. Rb2 $14 Kg8 (55... Rc3 $16) 56. Kg3 $1 $18 Re1 57. Kf2 (57. Kf4 $18) 57... Rc1 58. Ra7 Ne6 $2 (58... Rc3 $16) 59. Re7 $18 Bd5 $2 (59... Ng5 60. Rb8+ Kh7) 60. Rd7 $2 (60. Rb8+ Kh7 61. Ree8) 60... Be4 $18 61. Kg3 Rc3 62. Kf2 $2 (62. Re7 $18 Rxe3+ (62... Nxd4 63. Rb8+ Kh7 64. Ree8 f4+ 65. Kxf4) 63. Kh2 (63. Kf2 Nf4 $18)) 62... f4 $2 {[%emt 0:00:02] [#]} (62... Rc1 $1 $11) 63. exf4 $2 ({White must play} 63. Re7 $1 $18 {aiming for Rb8+.} fxe3+ 64. Kg1) 63... Nxf4 $11 64. Ra2 Nxh5 65. Raa7 Kh7 66. Re7 (66. d5 $11 Rxc5 67. g4 Rxd5 (67... Rc2+ $2 68. Ke3 $18) 68. Rxd5 (68. gxh5 Rg5 $16) 68... Bxd5 69. gxh5) 66... Bd5 $2 (66... Rc2+ $15 67. Ke3 Bxg2) 67. Rad7 $2 (67. g4 $18 Rf3+ (67... Rc2+ $2 68. Ke3 $18) 68. Ke1) 67... Bc6 $11 68. Rc7 Bd5 $2 (68... Rc2+ $11 {and Black is okay.} 69. Re2 Rxe2+ 70. Kxe2 Bxg2) 69. Red7 $2 (69. g4 $18 Rf3+ 70. Ke1) 69... Be4 (69... Be6 $1 $11 70. Re7 Bb3) 70. g4 (70. d5 $16) 70... Rf3+ $2 (70... Nf6 $1 $11 71. Rxg7+ Kh8) 71. Ke1 $18 Nf4 (71... Nf6 $142) 72. Rxg7+ $18 Kh8 {[%emt 0:00:00] [#]} 73. Rge7 $1 Re3+ 74. Kd1 (74. Kd2 $142 Re2+ 75. Kc1 Re1+ 76. Kb2 Re2+ 77. Ka3 Re3+ 78. Ka4 Bc6+ 79. Ka5 Rxe7 80. Rxe7) 74... Rd3+ $2 (74... Bf3+ 75. Kd2 Rxe7 76. Rxe7 Bh1) 75. Kc1 $18 Ne2+ 76. Kb2 Rd2+ 77. Kb3 $2 (77. Ka3 $18 Bd5 78. Re8+ Bg8 79. d5) 77... Rd3+ $2 (77... Bd5+ $11 78. Ka3 Ra2+ 79. Kb4 Rb2+ 80. Ka5 Ra2+ 81. Kb4 (81. Kb6 Rb2+ 82. Ka5 Ra2+ 83. Kb4 Rb2+ 84. Ka5 $11) 81... Rb2+ 82. Ka3 (82. Ka5 Ra2+ 83. Kb6 Rb2+ 84. Ka6 Ra2+ 85. Kb6 Rb2+ 86. Ka5 $11) 82... Ra2+ 83. Kb4) 78. Kb4 $18 Rxd4+ 79. Ka5 Bd5 80. Rc8+ Bg8 81. Rxe2 Rxg4 82. Re7 h5 83. c6 h4 84. c7 h3 85. Ree8 Rg5+ 86. Kb6 Rg6+ 87. Ka7 1-0

[Event "CCT Julius Baer-D2 2024"]
[Site "Online"]
[Date "2024.09.28"]
[Round "51"]
[White "Oparin, Grigoriy"]
[Black "Indjic, Aleksandar"]
[Result "0-1"]
[ECO "E04"]
[WhiteElo "2662"]
[BlackElo "2611"]
[Annotator "TA"]
[PlyCount "108"]
[EventDate "2024.09.25"]
[EventType "swiss"]
[EventCountry "NET"]
[SourceTitle "playchess.com"]
[Source "ChessBase"]
[SourceQuality "1"]
[TimeControl "600+2"]

1. Nf3 d5 2. d4 Nf6 3. c4 e6 4. g3 Nc6 5. Bg2 dxc4 6. Qa4 Bb4+ 7. Bd2 Nd5 8. O-O {[%emt 0:01:53] E04: Open Catalan: 5 Nf3.} Nb6 {[%emt 0:00:06] 8...Bxd2 might become the main line.} 9. Qc2 Bxd2 10. Nbxd2 $146 ({Predecessor:} 10. Qxd2 O-O 11. Qc3 e5 12. dxe5 Be6 13. Na3 Qe7 14. Nd2 Qc5 15. Ne4 Qxe5 16. Qxe5 Nxe5 {½-½ Riazantsev,A (2626)-Nesterov,A (2573) Moscow Dvoretsky Memorial 2022 (3.2)}) 10... Nxd4 11. Nxd4 Qxd4 12. Rfd1 O-O 13. Rac1 c6 14. Ne4 Qe5 15. Nd6 Qf6 16. Rd2 e5 17. Rcd1 Qe7 18. Nxc4 Nxc4 19. Qxc4 Be6 20. Qc3 f6 21. Qa5 Rac8 22. Rd6 b6 (22... Kh8 $15) 23. Qa3 $11 Bc4 24. e3 (24. Qa4 $11 b5 (24... Bxe2 25. Rd7 $11) 25. Qa6) 24... e4 $15 25. Rd7 Qxa3 26. bxa3 Bd5 (26... Bxa2 $6 27. Bxe4 f5 28. Bf3 $11) 27. Rxa7 Ra8 (27... Bxa2 $6 28. Bxe4 c5 29. Rdd7 $14) 28. Rb7 b5 29. Bf1 {[%emt 0:00:19] [#]} Rf7 (29... Rxa3 $6 30. Bxb5 f5 31. Rc7 $11) (29... Bxa2 30. Rd2 Bf7 (30... Rxa3 31. Rdd7 $15) 31. Rdd7 $11) ({Better is} 29... Rfb8 $1 30. Rxb8+ Rxb8) 30. Rb6 Rd7 $1 (30... Rxa3 31. Bxb5 Rc7 (31... Bxa2 32. Bxc6 Rd3 33. Ra1 $16) (31... Rxa2 $2 32. Rxc6 Bb3 33. Rb1 $18) 32. Bxc6 Bxc6 33. Rc1 $17) 31. Bh3 Re7 32. Bf1 (32. Rxd5 $1 $15 cxd5 33. Be6+ Kh8 34. Bxd5) 32... Re5 $1 $19 (32... Bxa2 33. Rxc6 Kf7 34. Bxb5 $14) (32... Rxa3 33. Bxb5 Rc3 34. Ba4 $11) 33. Rc1 Rxa3 (33... Bxa2 34. Rcxc6 (34. Rbxc6 Rxa3 35. Rc8+ Kf7 $11) 34... Re7 35. Rxb5 $16 (35. Bxb5 Rxa3 36. Kg2 Kf7 $14)) 34. Rb7 (34. Bh3 $142) 34... h5 (34... Bxa2 35. Rxc6 Ra8 36. Rcc7 $14 (36. Rxb5 Rxb5 37. Bxb5 h5 $11) (36. Bxb5 h5 $14)) (34... Rxa2 35. Bxb5 Re6 36. Bc4 Bxc4 37. Rxc4 $11) 35. h4 Kh7 (35... Bxa2 36. Rxc6 Bd5 37. Rc8+ Kh7 38. Rxb5 $16) 36. Bh3 Rxa2 ({Not} 36... Bxa2 37. Bd7 $17) 37. Bd7 Ra6 38. Bc8 Re8 39. Bd7 $2 (39. Rxb5 cxb5 (39... Rxc8 40. Rxd5 cxd5 41. Rxc8 $15) 40. Bxa6) 39... Rd8 40. Rc5 Kg6 41. Kg2 b4 42. g4 hxg4 43. Bxg4 b3 44. Bd1 Ra3 45. Kg3 Kh6 46. Kf4 $2 (46. Rb4) 46... Ra2 $19 47. Kg3 b2 (47... Rb2 $142 48. Rb4 Rb1 49. Bxb3 Bxb3 50. Rxc6 Rdd1 (50... Bc2 $2 51. Rxb1 Bxb1 52. Rc4 $19)) 48. Bc2 $19 Rg8 49. Bb1 Ra1 50. Rxb2 {[%emt 0:00:00] [#]} g5 $1 51. Rb6 $2 (51. hxg5+ Rxg5+ (51... fxg5 52. f3 $11) 52. Kf4) 51... gxh4+ $19 52. Kf4 Rg2 53. Rb2 h3 54. Rb8 h2 0-1

[Event "CCT Julius Baer-D2 2024"]
[Site "Online"]
[Date "2024.09.28"]
[Round "51"]
[White "Indjic, Aleksandar"]
[Black "Oparin, Grigoriy"]
[Result "1-0"]
[ECO "D37"]
[WhiteElo "2611"]
[BlackElo "2662"]
[Annotator "ChessBase"]
[PlyCount "277"]
[EventDate "2024.09.25"]
[EventType "swiss"]
[EventCountry "NET"]
[SourceTitle "playchess.com"]
[Source "ChessBase"]
[SourceQuality "1"]
[TimeControl "600+2"]

1. d4 d5 2. c4 e6 3. Nf3 a6 4. cxd5 exd5 5. Nc3 Nf6 6. Ne5 Be6 7. Bf4 Nbd7 8. e3 c6 9. Bd3 Be7 10. h3 O-O 11. Qf3 Nxe5 12. Bxe5 Nd7 13. Bf4 a5 14. Qg3 Bh4 15. Qf3 a4 16. Bd6 Re8 17. O-O g6 18. Rab1 Bf6 19. Bc2 b5 20. a3 Bg7 21. Na2 Nb6 22. Bc5 Nc4 23. Rfd1 f5 24. Nb4 Bd7 25. Bd3 Qf6 26. Bxc4 bxc4 27. Qg3 Re6 28. h4 Re4 29. f4 Rae8 30. Re1 Rb8 31. Na2 Ree8 32. Nc3 Ra8 33. Kf2 Kf7 34. Re2 h6 35. Rh1 Reb8 36. Rd2 Rb3 37. Re1 Be8 38. Ree2 Ke6 39. Qh3 Kf7 40. Qg3 Qd8 41. Qh3 Bd7 42. g3 Bf6 43. Rc2 Ra5 44. Bd6 Qg8 45. Bb4 Ra8 46. Kf1 Be6 47. Bc5 Ke8 48. Ke1 Kd7 49. Kd1 Bd8 50. Bb4 Bb6 51. Kc1 Qf7 52. Qh1 Bd8 53. Qe1 Bf6 54. Rh2 Qe8 55. Bc5 Qb8 56. Na2 Qb7 57. Bb4 Re8 58. Rce2 Bf7 59. Nc3 Qa6 60. Na2 Rd3 61. Bc3 Qb5 62. Nb4 Be7 63. Nxd3 cxd3 64. Rd2 c5 65. Qd1 c4 66. Rdg2 Be6 67. Kd2 Qc6 68. Ke1 Rg8 69. Kf2 Ke8 70. Rg1 Kf7 71. Rgg2 Bd8 72. Rg1 Bc7 73. Rgg2 Qe8 74. Rg1 Bd7 75. Qf3 Qe6 76. Rgg2 Ke8 77. Rg1 Kd8 78. Rgg2 Kc8 79. Rg1 Kb7 80. Qd1 Bc6 81. Qf3 Bb8 82. g4 fxg4 83. Rxg4 Bd7 84. Rg1 Qf7 85. Ke1 Bf5 86. Qd1 Qe8 87. Kd2 Rg7 88. Qf3 Kc6 89. Qf2 Re7 90. Rhg2 Re4 91. Re1 Bd6 92. Rgg1 Be7 93. Rh1 Qd7 94. Qf3 Bg4 95. Qg3 Bf5 96. Qf3 Bd8 97. Qd1 Kb5 98. Qf3 Qe7 99. Bb4 Qe6 100. Bc3 Ba5 101. Rhg1 Bc7 102. Rh1 Bg4 103. Qf2 Qe8 104. Qg2 Bf5 105. Qf3 Bd6 106. Rhg1 Qf7 107. Rh1 Qe6 108. Qf2 Be7 109. Reg1 Bd8 110. h5 g5 111. fxg5 Bxg5 112. Rxg5 hxg5 113. h6 Bh7 114. Qg3 Kc6 115. Ba5 Qe7 116. Bb4 Qd8 117. Rf1 Rh4 118. Kc3 d2 119. Kxd2 Rxh6 120. Rf7 Be4 121. Qe5 Kb6 122. Rf8 Qd7 123. Qb8+ Qb7 124. Qd8+ Kc6 125. Rf6+ Rxf6 126. Qxf6+ Kb5 127. Qd6 c3+ 128. bxc3 Kc4 129. Qc5+ Kb3 130. c4 dxc4 131. Bc3 g4 132. Qd6 Bd5 133. Qg3 Kxa3 134. Qxg4 Qb3 135. Qf5 Bb7 136. d5 Ka2 137. Qc2+ Ka3 138. Qc1+ Ka2 139. Qa1# 1-0

[Event "CCT Julius Baer-D2 2024"]
[Site "Online"]
[Date "2024.09.28"]
[Round "51"]
[White "Bortnyk, Olexandr"]
[Black "Le, Tuan Minh"]
[Result "1-0"]
[ECO "D00"]
[WhiteElo "2608"]
[BlackElo "2564"]
[Annotator "TA"]
[PlyCount "117"]
[EventDate "2024.09.25"]
[EventType "swiss"]
[EventCountry "NET"]
[SourceTitle "playchess.com"]
[Source "ChessBase"]
[SourceQuality "1"]
[TimeControl "600+2"]

1. d4 d5 2. Nc3 Nf6 3. Bf4 c5 4. e4 cxd4 5. Qxd4 Nc6 6. Bb5 {[%emt 0:00:01] D00: 1 d4 d5: Unusual lines.} Bd7 7. Bxc6 Bxc6 8. e5 Nd7 9. e6 fxe6 10. Nf3 Qb6 11. Qd2 d4 12. Qxd4 Bxf3 13. Qxb6 Nxb6 14. gxf3 g6 15. Nb5 Rc8 16. O-O-O Nd5 $146 ({Predecessor:} 16... Bg7 17. Rhe1 O-O 18. Bg3 Rf5 19. Nd4 Bxd4 20. Rxd4 Kf7 21. Re3 {½-½ Bredl,H (2284)-Huber,B (2270) Oberliga Bayern 2122 2021 (8.4)}) 17. Bg5 Nb4 18. Nd4 e5 19. Ne6 h6 20. Bh4 Kf7 21. Nxf8 Rhxf8 22. c3 Ke6 23. Kb1 Nc6 24. Rd3 Rcd8 25. Re3 Rd5 26. Bg3 Kf5 27. Rhe1 b5 28. h4 Rfd8 29. Kc1 (29. Re4 $11) 29... Rc5 30. Re4 (30. a3 $11) 30... g5 ({Black should try} 30... b4 $17 31. R1e3 Rdd5) 31. hxg5 hxg5 32. Rh1 (32. Kb1 $11 {remains equal.}) 32... b4 $17 33. Re3 bxc3 $1 34. bxc3 Nb4 (34... Na5 $17 35. Rh7 Nc4) 35. Rh7 $2 (35. Kb1 $1 $11 Nc6 36. Rhe1) 35... Nxa2+ $19 36. Kb2 Rb8+ (36... Rd2+ 37. Kb3 $17) 37. Kc2 Nb4+ 38. Kd2 Nc6 39. Rd3 $2 (39. Rh6) 39... Rb2+ 40. Kc1 Rcb5 41. Rd2 Rxd2 (41... R2b3 $19 {[%cal Oa7a5] White must now prevent ...a5!} 42. Kc2 Ra3) 42. Kxd2 $17 a5 43. Rh5 $2 (43. Rh1 $17 {was necessary.}) 43... Rb8 $2 (43... a4 $19 {is more deadly.} 44. Bh4 a3 45. Rxg5+ Ke6 46. Rg6+ Kf7 (46... Kd7 $2 47. Rg1 $19)) 44. Rh6 Rb6 45. Rh5 $2 (45. Rh8 $17 {keeps fighting.}) 45... a4 $19 46. Bh4 (46. Rh8 {was called for.} Na5 47. c4) 46... a3 47. Rxg5+ {[%emt 0:00:00] [#]} Kf4 (47... Ke6 $1 $17 {...a2 is the strong threat.} 48. Rg4 Rb2+ 49. Kd3 e4+ 50. Rxe4+ Ne5+ 51. Kd4 Rb5) 48. Rg4+ $15 Kxf3 49. Ra4 Rb2+ 50. Kc1 Rb3 51. Kc2 Rb2+ 52. Kc1 Rb7 53. Rxa3 e4 54. Ra6 Ne5 55. Kc2 Nd3 56. Re6 $1 Nf4 57. Rxe7 Rb8 $2 {[%emt 0:00:02][%mdl 8192] [#]} (57... Rxe7 $11 {and Black stays safe.} 58. Bxe7 Kxf2) 58. Bg3 $2 ({White has to play} 58. Rf7 $1 $18 {[%cal Rf7f4] Strongly threatening Rxf4+!} Rg8 59. Bg3 Rxg3 60. fxg3 Kxg3 61. c4) 58... Nd3 $2 (58... Rf8 $11) 59. Bxb8 1-0

[Event "CCT Julius Baer-D2 2024"]
[Site "Online"]
[Date "2024.09.28"]
[Round "51"]
[White "Bok, Benjamin"]
[Black "Yakubboev, Nodirbek"]
[Result "1-0"]
[ECO "D02"]
[WhiteElo "2596"]
[BlackElo "2666"]
[Annotator "TA"]
[PlyCount "149"]
[EventDate "2024.09.25"]
[EventType "swiss"]
[EventCountry "NET"]
[SourceTitle "playchess.com"]
[Source "ChessBase"]
[SourceQuality "1"]
[TimeControl "600+2"]

1. Nf3 d5 2. g3 Nc6 3. d4 Bf5 4. Bg2 e6 5. O-O Nf6 6. c4 h6 {[%emt 0:00:22] D02: 1 d4 d5 2 Nf3 sidelines, including 2...Nf6 3 g3 and 2...Nf6 3 Bf4.} 7. Nc3 Bd6 8. cxd5 exd5 9. Nb5 O-O 10. Nxd6 cxd6 11. Be3 $146 ({Predecessor:} 11. Qb3 Na5 12. Qa4 Qb6 13. b3 Nc6 14. Bd2 a6 15. Rfc1 Qd8 16. Qa3 Qd7 17. Qb2 {½-½ Ozenir,E (2391)-Stremavicius,T (2563) US Masters op 2023 (3)}) 11... Qd7 12. Qb3 Na5 13. Qc3 Nc4 14. b3 Na3 15. Rac1 Rfc8 16. Qb2 Nc2 17. Bd2 Qb5 18. Nh4 Bh7 19. Bh3 Qxe2 20. Bxc8 Rxc8 21. Be3 g5 22. Ng2 Be4 23. f3 Bg6 24. Rf2 Qd3 25. Rd2 Qf5 26. g4 Qxf3 27. Rf2 Qxg4 28. Rxf6 Be4 29. Rf2 Nxe3 30. Rxc8+ Kg7 (30... Qxc8 {might work better.} 31. Nxe3 f5) 31. Qe2 Qxc8 32. Qxe3 Qg4 (32... f5 $142 33. h4 Qd8 34. hxg5 hxg5) 33. h3 $18 Qd1+ 34. Kh2 f6 35. h4 Kg6 36. hxg5 hxg5 37. Qg3 Qh5+ 38. Kg1 Qd1+ 39. Kh2 Qh5+ $1 40. Qh3 Qd1 41. Qh8 f5 $2 (41... Qxd4 42. Qe8+ Kg7) 42. Qg8+ $18 Kf6 43. Qf8+ Kg6 44. Qxd6+ Kg7 45. Qg3 Kf6 46. Qe5+ Kg6 47. Qd6+ Kg7 $1 48. Qg3 Kf6 $1 49. Qh3 Kg6 50. Qe3 f4 $2 (50... Qh5+ 51. Qh3 Qd1) 51. Nxf4+ $18 gxf4 52. Qxf4 Qh1+ 53. Kg3 Qg1+ 54. Kh3 Qh1+ 55. Rh2 Qb1 56. Qg3+ Kf7 (56... Kf6 $142 57. Qe5+ Kg6 58. Qe6+ Kg7 59. Qg4+ Kf6 60. Rf2+ Bf5) 57. Rf2+ $18 Bf5+ 58. Kh4 Qe4+ 59. Kg5 Ke6 60. Qe5+ Qxe5 61. dxe5 Be4 62. Kf4 a5 63. Rh2 Bb1 64. a3 d4 65. Rh6+ Kd5 66. Rd6+ Kc5 67. Rd8 Ba2 68. e6 Bxb3 69. e7 Ba4 70. Ke5 Bc6 71. Rxd4 b5 72. Rd6 Be8 73. Rd8 Bh5 74. Rc8+ Kb6 75. Kd4 1-0

[Event "CCT Julius Baer-D2 2024"]
[Site "Online"]
[Date "2024.09.28"]
[Round "51"]
[White "Le, Tuan Minh"]
[Black "Bortnyk, Olexandr"]
[Result "0-1"]
[ECO "E60"]
[WhiteElo "2564"]
[BlackElo "2608"]
[Annotator "TA"]
[PlyCount "50"]
[EventDate "2024.09.25"]
[EventType "swiss"]
[EventCountry "NET"]
[SourceTitle "playchess.com"]
[Source "ChessBase"]
[SourceQuality "1"]
[TimeControl "600+2"]

1. d4 Nf6 2. c4 g6 3. Nf3 Bg7 4. g3 d6 5. Bg2 O-O 6. O-O Bf5 7. Nc3 Ne4 8. Nh4 Nxc3 9. bxc3 Bc8 10. f4 Nc6 11. f5 e5 12. fxg6 {[%emt 0:02:14] The position is equal.} fxg6 13. Rxf8+ Qxf8 14. e3 Qe7 15. Rb1 e4 {[%emt 0:00:12] Threatens to win with ...g5.} 16. Qf1 Bd7 {[%emt 0:00:27] aiming for ...Rf8.} 17. Bh1 (17. Qf4 $17 {is a better defense.} Re8 (17... g5 18. Qxe4 Qxe4 19. Bxe4 $17) 18. Rxb7) 17... Rf8 18. Qe2 g5 19. Ng2 Qf7 {[%emt 0:00:39] Strongly threatening ...Be6.} 20. Ba3 $2 {[%emt 0:01:21] [#] White is weak on the light squares. Now White is beyond hope.} (20. h4 $17) 20... Bg4 $1 $19 21. Qc2 (21. Qf1 $142 Qh5 22. Qe1) (21. Qe1 b6) 21... Na5 22. Re1 Nxc4 23. Bc1 Bh3 24. g4 $2 (24. Qe2) 24... d5 25. Qe2 {[%emt 0:00:20] [#]} Bxg4 $1 {[%emt 0:00:08][%mdl 512] Weighted Error Value: White=0.87/Black=0.28 (precise) .  Loses game:     	White=1     	---        Mistake:       	White=2     	---        Inaccurate:     	White=3     	---        OK:         	White=5     	Black=7      Best:        	---       	Black=1} 0-1